 Dungeon Crawl Stone Soup version 0.27-a0-404-g4390dbc5be (webtiles) character file.

Game seed: 14977282380669464098

598390 inon the Metallomancer (level 27, -30/176 HPs)
             Began as a Gargoyle Earth Elementalist on Feb 21, 2021.
             Was the Champion of Vehumet.
             Killed from afar by a frost giant (56 damage)
             ... with a bolt of cold
             ... on level 3 of the Depths on Feb 22, 2021.
             The game lasted 03:02:03 (80920 turns).

inon the Metallomancer (GrEE)                      Turns: 80920, Time: 03:02:04

Health: -30/176    AC: 44    Str: 26    XL:     27
Magic:  11/43      EV: 18    Int: 30    God:    Vehumet [******]
Gold:   5656       SH:  0    Dex: 10    Spells: 23/59 levels left

rFire    + . .     SeeInvis .   T - +9 demon whip (elec)
rCold    . . .     Faith    .   (no shield)
rNeg     + + .     Spirit   .   u - +2 faerie dragon scales {rCorr Str+10}
rPois    ∞         Reflect  .   (no helmet)
rElec    +         Harm     .   q - +2 cloak
rCorr    +         Rampage  .   b - +2 pair of gloves
Will     ++...     Clarity  +   O - +2 pair of boots
Stlth    +.........             Y - amulet of magic regeneration
HPRegen  0.39/turn              g - +4 ring of protection
MPRegen  0.53/turn              x - ring "Dempet" {Wiz rN+ Int+3}

@: flying
A: big wings, blink, clarity, fire resistance 1, negative energy resistance 1,
electricity resistance, strong 1, unbreathing, petrification resistance, miasma
immunity, AC +20
}: 3/15 runes: serpentine, barnacled, silver
a: Stop Flying, Blink, Renounce Religion


You were on level 3 of the Depths.
You worshipped Vehumet.
Vehumet was exalted by your worship.
You visited 10 branches of the dungeon, and saw 47 of its levels.
You visited the Abyss 1 time.
You also visited: Ice Cave.

You collected 10003 gold pieces.
You spent 4347 gold pieces at shops.

Inventory:

Hand Weapons
 T - a +9 demon whip of electrocution (weapon)
Missiles
 F - 21 throwing nets
Armour
 b - a +2 pair of gloves (worn)
 q - a +2 cloak (worn)
 s - a +2 robe of the Archmagi
 u - the +2 faerie dragon scales (worn) {rCorr Str+10}
   (You took it off the Enchantress on level 1 of the Depths)

   It affects your strength (+10).
   It provides partial protection from all sources of acid and corrosion.
 w - the +2 leather armour "Ileasmoro" {rPois rC+ Slay+3}
   (You bought it in a shop on level 4 of the Shoals)

   It affects your accuracy and damage with ranged weapons and melee attacks
   (+3).
   It protects you from cold.
   It protects you from poison.
 O - a +2 pair of boots (worn)
 W - the +0 pair of boots of Compression {rC+++ rCorr Dex-5 Stlth-}
   (You bought it in a shop on level 2 of the Orcish Mines)

   It affects your dexterity (-5).
   It renders you almost immune to cold.
   It provides partial protection from all sources of acid and corrosion.
   It makes you less stealthy.
Jewellery
 f - the ring of Compassion {rF+ Dex+4}
   (You found it on level 6 of the Lair of Beasts)

   [ring of protection from fire]

   It affects your dexterity (+4).
   It protects you from fire.
 g - a +4 ring of protection (left hand)
 x - the ring "Dempet" (right hand) {Wiz rN+ Int+3}
   (You found it on level 4 of the Dungeon)

   [ring of wizardry]

   It improves your spell success rate.
   It affects your intelligence (+3).
   It protects you from negative energy.
 A - a ring of see invisible
 Y - an amulet of magic regeneration (around neck)
Wands
 n - a wand of paralysis (60)
 t - a wand of iceblast (67)
 v - a wand of digging (3)
 M - a wand of mindburst (37)
 Z - a wand of acid (27)
Scrolls
 c - 5 scrolls of blinking
 d - 9 scrolls of immolation
 i - 6 scrolls of fog
 k - 17 scrolls of teleportation
 z - 7 scrolls of fear
 C - 2 scrolls of enchant weapon
 E - 4 scrolls of summoning
 H - 6 scrolls of amnesia
 J - 3 scrolls of magic mapping
 K - 4 scrolls of enchant armour
 P - 5 scrolls of brand weapon
 S - 42 scrolls of identify
Potions
 a - 3 potions of might
 h - 28 potions of curing
 j - 5 potions of invisibility
 l - 7 potions of brilliance
 m - 7 potions of heal wounds
 p - 7 potions of haste
 r - a potion of ambrosia
 B - 5 potions of berserk rage
 R - 3 potions of resistance
 U - 3 potions of cancellation
 V - 4 potions of mutation
Miscellaneous
 e - a condenser vane (inert)
 o - a box of beasts
 y - a phial of floods
 N - a tin of tremorstones (2/2)
 X - a phantom mirror


   Skills:
 + Level 18.9 Fighting
 - Level 16.0 Maces & Flails
 - Level 6.0 Armour
 - Level 15.0 Dodging
 - Level 2.1 Stealth
 + Level 16.8 Spellcasting
 + Level 19.3 Conjurations
 - Level 0.7 Transmutations
 + Level 20.4 Fire Magic
 - Level 22.0 Earth Magic
 - Level 10.0 Evocations


You had 23 spell levels left.
You knew the following spells:

 Your Spells              Type           Power        Failure   Level
a - Shatter               Erth           51%          3%          9
b - Stone Arrow           Conj/Erth      100%         0%          3
c - Lee's Rapid Deconstr  Erth           51%          0%          5
d - Iron Shot             Conj/Erth      49%          1%          6
e - Bolt of Magma         Conj/Fire/Erth 49%          0%          5
g - Ignition              Fire           49%          1%          8

Your spell library contained the following spells:

 Spells                   Type           Power        Failure   Level
 Fire Storm               Conj/Fire      48%          7%          9
 Foxfire                  Conj/Fire      100%         0%          1
 Magic Dart               Conj           100%         0%          1
 Sandblast                Erth           100%         0%          1
 Conjure Flame            Conj/Fire      97%          0%          3
 Fireball                 Conj/Fire      48%          0%          5
 Iskenderun's Battlesphe  Conj           96%          0%          5
 Corona                   Hex            27%          1%          1
 Pain                     Necr           100%         1%          1
 Sting                    Tmut/Pois      100%         1%          1
 Blink                    Tloc           N/A          1%          2
 Call Imp                 Summ           25%          1%          2
 Ensorcelled Hibernation  Hex/Ice        50%          1%          2
 Passwall                 Tmut/Erth      63%          1%          2
 Poisonous Vapours        Pois/Air       50%          1%          2
 Slow                     Hex            25%          1%          2
 Swiftness                Air            25%          1%          2
 Dazzling Flash           Conj/Hex       100%         1%          3
 Ignite Poison            Fire/Tmut/Pois 61%          1%          3
 Inner Flame              Hex/Fire       72%          1%          3
 Mephitic Cloud           Conj/Pois/Air  59%          1%          3
 Static Discharge         Conj/Air       70%          1%          3
 Animate Armour           Summ/Erth      100%         1%          4
 Fulminant Prism          Conj/Hex       35%          1%          4
 Leda's Liquefaction      Hex/Erth       37%          1%          4
 Petrify                  Tmut/Erth      76%          1%          4
 Borgnjor's Vile Clutch   Necr/Erth      37%          1%          5
 Irradiate                Conj/Tmut      35%          1%          5
 Lightning Bolt           Conj/Air       35%          1%          5
 Conjure Ball Lightning   Conj/Air       35%          1%          6
 Starburst                Conj/Fire      48%          1%          6
 Orb of Destruction       Conj           48%          1%          7
 Confusing Touch          Hex            25%          2%          3
 Portal Projectile        Hex/Tloc       50%          2%          3
 Tukima's Dance           Hex            25%          2%          3
 Vampiric Draining        Necr           12%          2%          3
 Olgreb's Toxic Radiance  Pois           25%          2%          4
 Spellforged Servitor     Conj/Summ      35%          4%          7
 Cause Fear               Hex            12%          9%          4
 Passage of Golubria      Tloc           N/A          9%          4
 Summon Lightning Spire   Summ/Air       25%          9%          4
 Alistair's Intoxication  Tmut/Pois      18%          21%         5
 Agony                    Necr           25%          22%         5
 Excruciating Wounds      Necr           12%          22%         5
 Silence                  Hex/Air        12%          22%         5
 Eringya's Noxious Bog    Tmut/Pois      13%          26%         6
 Hydra Form               Tmut           14%          65%         6
 Invisibility             Hex            25%          75%         6
 Shadow Creatures         Summ           N/A          75%         6
 Simulacrum               Ice/Necr       12%          75%         6
 Dragon Form              Tmut           14%          99%         7
 Borgnjor's Revivificati  Necr           12%          100%        8
 Infestation              Necr           12%          100%        8
 Necromutation            Tmut/Necr      13%          100%        8
 Death's Door             Necr           12%          100%        9
 Dragon's Call            Summ           12%          100%        9
 Tornado                  Air            12%          100%        9
 Sublimation of Blood     Necr           Unusable     N/A         2
 Statue Form              Tmut/Erth      Unusable     N/A         6

Dungeon Overview and Level Annotations

Branches:
Dungeon (15/15)            Temple (1/1) D:5            Lair (6/6) D:10
 Shoals (4/4) Lair:4        Snake (4/4) Lair:4        Slime (0/5) Lair:5
    Orc (2/2) D:11            Elf (3/3) Orc:2        Vaults (5/5) D:14
  Crypt (3/3) Vaults:3       Tomb (0/3) Crypt:3      Depths (4/5) D:15
  IceCv (visited)

Altars:
Ashenzari
Dithmenos
Gozag
Kikubaaqudgha
Okawaru
Qazlal
Trog
Uskayaw
Vehumet
Yredelemnul
Zin
Beogh

Shops:
D:13 (   Orc:1 !   Orc:2 ?[[[   Elf:2 :   Elf:3 [*??   Shoals:1 [   Shoals:4 [:
Snake:2 (((   Snake:4 *

Portals:
Hell: Depths:1 Depths:2
Abyss: Depths:1
Ziggurat: Depths:3

Annotations:
D:4 2 runed translucent doors
Lair:3 3 runed translucent doors, exclusion: 2 oklob plants, Borooracs's ghost, journeyman DDFi
Elf:2 5 runed translucent doors


Innate Abilities, Weirdness & Mutations

You are resistant to torment.
Your stone body is resilient. (AC +20)
You are immune to poison.
Your large and strong wings let you fly indefinitely.
You resist negative energy. (rN+)
You are resistant to electric shocks. (rElec)
You can survive without breathing.
You are immune to petrification.
You are immune to miasma.
You can translocate small distances at will.
You possess an exceptional clarity of mind.
Your flesh is heat resistant. (rF+)
Your muscles are strong. (Str +2)


Message History

Casting: Shatter (dangerous; 3% risk of failure)
Confirm with . or Enter, or press ? or * to list all spells.
Casting: Ignition (mildly dangerous; 1% risk of failure)
Press: ? - help, Dir - look around, f - activate The air bursts into flame!
The fireball engulfs the enormous slime creature!
The enormous slime creature is lightly wounded.
The fireball engulfs the slime creature!!
The slime creature is severely wounded.
The fireball engulfs the fire dragon.
The fire dragon resists.
The fire dragon is moderately wounded.
The fireball engulfs the frost giant!
The frost giant is almost dead.
The fireball engulfs the fire dragon.
The fire dragon resists.
The fire dragon is moderately wounded.
The fireball engulfs the ice dragon!!
The ice dragon is burned terribly!
The ice dragon is heavily wounded.
The fireball engulfs the slime creature!!
You kill the slime creature!
Vehumet accepts your kill.
You feel your power returning.
The fireball engulfs the fire dragon.
The fire dragon completely resists.
The fire dragon is moderately wounded.
The fireball engulfs the frost giant but does no damage.
The frost giant is almost dead.
The fireball engulfs the enormous slime creature!!
The enormous slime creature is moderately wounded.
The fireball engulfs the enormous slime creature!!
The enormous slime creature is moderately wounded.
The fireball engulfs the bush.
The bush is on fire!
The bush is severely damaged.
The frost giant gestures at you while chanting.
The bolt of cold hits you!!
* * * LOW HITPOINT WARNING * * *
Unknown command.
Unknown command.
Unknown command.
The frost giant gestures at you while chanting.
The bolt of cold hits you!!!
You die...

## ..#......T†P.
#.# ..)......cP.
##.##.).)...P...
#.#........D....
#.............#
#......D.....#
#.#..#.DC...#
#.....#.J..## ##
.#.#§.[@..#.#.#
..
..§§§...).....)
.#
...§§......#...
.#
#......#$........
.#
.................
<#
......#..........
.# .....#
#....... .# ..##.
....#.# .# .##


You could see a frost giant, 2 fire dragons, an ice dragon, an enormous slime
creature and a centaur.

Vanquished Creatures
  3 dread liches
  An ancient lich (Vaults:4)
  A juggernaut (Depths:3)
  3 golden dragons (Depths:2)
  Nikola (Snake:2)
  the Enchantress (Depths:1)
  A bone dragon (Crypt:3)
  4 tentacled monstrosities
  10 liches
  Asterion (Snake:3)
  2 deep elf blademasters (Elf:3)
  A quicksilver dragon (Depths:2)
  2 deep elf master archers (Elf:3)
  7 titans
  4 sphinxes
  2 ancient champions (Crypt:2)
  A kraken (Shoals:3)
  A tentacled starspawn (Abyss:2)
  Roxanne (Shoals:4)
  4 revenants
  12 shadow dragons
  2 storm dragons
  10 nagarajas
  5 tengu reavers
  Donald (Shoals:1)
  Kirke (Elf:1)
  An iron dragon (Depths:2)
  15 fire giants
  13 frost giants
  5 deep elf sorcerers
  16 vault wardens
  4 ghouls (Crypt:2)
  Aizul (Snake:1)
  3 deep elf elementalists
  19 very ugly things
  3 spriggan defenders (Depths:1)
  33 stone giants
  5 war gargoyles
  5 curse skulls
  A reaper (Crypt:2)
  18 ironheart preservers
  5 vampire knights
  12 deep elf annihilators
  9 deep elf demonologists
  2 entropy weavers
  3 spark wasps
  A yellow draconian (Abyss:2)
  An eidolon (Crypt:2)
  25 ettins
  7 merfolk javelineers
  13 deep elf death magi
  9 fire dragons
  Snorg (D:10)
  5 jiangshi
  12 yaktaur captains
  14 rakshasas
  5 hydras
  6 merfolk impalers
  9 deep elf high priests
  9 ice dragons
  Harold (D:11)
  13 ogre magi
  40 vault guards
  14 naga warriors
  5 great orbs of eyes
  12 boulder beetles
  6 alligator snapping turtles
  2 catoblepae
  Erica (D:9)
  14 centaur warriors
  9 spriggan air magi
  7 death knights
  4 merfolk aquamancers
  5 merfolk avatars
  19 anacondas
  9 deep troll shamans
  3 vampire magi
  An anaconda (shapeshifter) (Depths:2)
  A satyr (shapeshifter) (Vaults:5)
  41 two-headed ogres
  2 thrashing horrors (Abyss:2)
  A hell hog (Depths:3)
  2 storm dragon zombies
  9 deep troll earth magi
  3 death yaks
  7 tengu warriors
  15 naga sharpshooters
  22 dancing weapons
  8 shock serpents
  6 spriggan berserkers
  19 deep elf knights
  A soul eater (Crypt:1)
  12 hell knights
  8 salamander mystics
  48 skeletal warriors
  2 iron trolls (Depths:1)
  An unseen horror (shapeshifter) (Vaults:3)
  A shadow wraith (Vaults:3)
  A ghost moth zombie (Crypt:2)
  7 flayed ghosts
  5 wretched stars (Abyss:2)
  A sea snake (shapeshifter) (Vaults:3)
  10 sea snakes
  A storm dragon skeleton (Crypt:3)
  An anaconda zombie (Crypt:2)
  3 unseen horrors
  A death drake (shapeshifter) (Vaults:3)
  6 naga ritualists
  3 glowing orange brains
  8 wizards
  28 deep trolls
  19 deep elf archers
  A lindwurm (shapeshifter) (Depths:2)
  17 ironbrand convokers
  An iron giant skeleton (Crypt:1)
  7 phantasmal warriors
  A golden dragon skeleton (Crypt:1)
  A wolf spider zombie (Crypt:3)
  36 deep elf zephyrmancers
  A shadow dragon zombie (Crypt:3)
  13 orc knights
  An anaconda skeleton (Crypt:1)
  12 harpies
  17 mana vipers
  A mana viper (shapeshifter) (Abyss:2)
  4 lindwurms (Snake:4)
  A sphinx zombie (Vaults:3)
  28 ugly things
  5 orc sorcerers
  A fire giant zombie (Crypt:3)
  11 necromancers
  3 stone giant zombies
  An oklob plant (Lair:1)
  15 manticores
  3 fauns
  A shadow dragon skeleton (Crypt:3)
  4 wolf spiders
  A shining eye (Depths:3)
  46 deep elf pyromancers
  A moth of wrath (shapeshifter) (Abyss:2)
  10 salamanders
  2 stone giant skeletons
  An iron dragon skeleton (Crypt:2)
  13 merfolk sirens
  A worldbinder (Abyss:2)
  A centaur zombie (D:12)
  12 elephants
  16 cyclopes
  A water nymph (Shoals:2)
  A moth of wrath (Lair:5)
  13 vault sentinels
  6 smoke demons (Crypt:3)
  An ice statue (IceCv)
  An eye of devastation (Lair:5)
  A titan simulacrum (Crypt:2)
  32 black mambas
  24 naga magi
  9 guardian serpents
  A torpor snail (Lair:6)
  5 gargoyles
  3 human zombies
  3 cane toads (shapeshifter)
  3 cane toads
  Maggie (D:6)
  A rime drake (IceCv)
  2 large abominations (Abyss:2)
  3 shock serpent skeletons
  An efreet (D:15)
  10 freezing wraiths
  A death yak zombie (Crypt:2)
  A dire elephant skeleton (Crypt:1)
  12 komodo dragons
  A rime drake (shapeshifter) (Depths:2)
  An iron troll zombie (Crypt:1)
  A kobold demonologist (D:15)
  34 yaktaurs
  An alligator snapping turtle skeleton (Crypt:1)
  An ancient zyme (Abyss:2)
  A guardian mummy (Crypt:3)
  6 tengu conjurers
  An emperor scorpion zombie (Crypt:2)
  2 ice devils (D:13)
  A hellwing (Abyss:2)
  16 trolls
  A catoblepas skeleton (Crypt:1)
  3 jumping spiders (shapeshifter)
  A red devil (Crypt:3)
  22 polar bears
  42 merfolk
  A polar bear (shapeshifter) (Depths:1)
  7 wind drakes
  9 hornets
  A hornet (shapeshifter) (Vaults:4)
  A meliai (shapeshifter) (D:15)
  5 tyrant leeches
  Grinder (D:3)
  A tengu simulacrum (Vaults:2)
  26 slime creatures
  13 blink frogs
  An ettin zombie (Crypt:2)
  A meliai zombie (D:14)
  Prince Ribbit (D:6)
  7 raiju (Abyss:2)
  A fire giant simulacrum (Vaults:2)
  9 dream sheep
  A harpy skeleton (D:15)
  A boulder beetle zombie (Vaults:2)
  7 snapping turtles
  An ettin skeleton (Crypt:3)
  5 air elementals
  An ice dragon skeleton (Crypt:3)
  A spriggan (shapeshifter) (Depths:1)
  7 flying skulls
  21 spriggans
  2 fire dragon skeletons (Crypt:3)
  6 shadows
  11 wyverns
  71 yaks
  5 starcursed masses (Abyss:2)
  A tarantella (shapeshifter) (Depths:2)
  2 ushabtiu (Crypt:3)
  23 water elementals
  2 yaks (shapeshifter)
  2 tarantellas
  17 wraiths
  Eustachio (D:4)
  A basilisk (Lair:6)
  A vampire (D:15)
  4 fire bats (Lair:5)
  4 fire elementals
  6 hogs (Elf:1)
  3 golden eyes (Abyss:2)
  3 humans
  5 vampire mosquitoes (D:15)
  Menkaure (D:6)
  A chaos spawn (Abyss:2)
  A monstrous demonspawn zombie (Crypt:1)
  A steam dragon (D:9)
  41 nagas
  4 wargs
  A two-headed ogre zombie (Crypt:2)
  Edmund (D:4)
  2 cane toad zombies (Crypt:1)
  An acid dragon (D:15)
  2 swamp worms (Lair:5)
  2 hell hounds (Depths:3)
  7 floating eyes
  A hydra simulacrum (Crypt:1)
  A water moccasin (shapeshifter) (Depths:2)
  8 water moccasins
  24 orc warriors
  5 sky beasts
  An ice beast (shapeshifter) (Depths:2)
  4 ice beasts
  7 black bears
  An eye of draining (shapeshifter) (Depths:2)
  2 necrophages
  4 hornet zombies
  A black mamba simulacrum (Crypt:1)
  38 ogres
  2 eyes of draining
  A manticore skeleton (Crypt:3)
  45 wolves
  23 boggarts
  4 human skeletons
  31 centaurs
  4 kobold brigands
  4 phantoms
  17 bullfrogs
  A gnoll sergeant (D:6)
  3 earth elementals
  2 wyvern zombies
  A cane toad simulacrum (Crypt:2)
  5 scorpions
  A snapping turtle simulacrum (Crypt:1)
  5 troll zombies (D:11)
  A killer bee (D:4)
  A human simulacrum (Vaults:3)
  2 killer bees (shapeshifter)
  11 wights
  6 howler monkeys
  5 electric eels
  A bullfrog zombie (D:11)
  4 quasits
  2 gnoll shamans
  7 hounds
  6 bullfrog skeletons
  4 jellies
  12 orc priests
  4 centaur skeletons
  5 iguanas
  An iron imp (Depths:1)
  Terence (D:3)
  A basilisk skeleton (Crypt:1)
  14 orc wizards
  15 worker ants
  Natasha (thrice) (D:4)
  3 ogre zombies (D:11)
  A tengu zombie (Crypt:3)
  An acid dragon skeleton (Crypt:1)
  A hound skeleton (D:9)
  6 mummies (Crypt:3)
  A worker ant zombie (D:7)
  18 gnolls
  17 adders
  3 shadow imps
  4 white imps
  3 ufetubi
  3 oozes
  A halfling zombie (Crypt:1)
  An adder zombie (D:7)
  3 worms
  A barachi skeleton (Crypt:1)
  A dart slug (D:1)
  A halfling skeleton (Crypt:2)
  6 leopard geckos
  78 orcs
  A ball python (D:1)
  4 giant cockroaches
  9 goblins
  9 hobgoblins
  7 jackals
  3 quokkas
  A ball python skeleton (Crypt:1)
  11 bats
  5 frilled lizards
  3 goblin skeletons (D:11)
  2 goblin zombies (D:11)
  3 hobgoblin zombies (D:11)
  17 kobolds
  A leopard gecko zombie (D:8)
  3 orc skeletons (D:11)
  14 orc zombies (D:11)
  A quokka skeleton (D:4)
  8 rats
  A rat skeleton (Crypt:2)
  18 bushes (Depths:3)
  2 lurking horrors (Abyss:2)
  2 plants (Shoals:4)
  3 tentacles (Shoals:3)
2399 creatures vanquished.

Vanquished Creatures (collateral kills)
  An adder (D:8)
1 creature vanquished.

Vanquished Creatures (others)
  An anaconda (Snake:2)
  A deep elf archer (Elf:1)
  2 deep elf zephyrmancers
  A wizard (D:15)
  An elephant (Lair:5)
  A jumping spider (shapeshifter) (Elf:1)
  A merfolk (Shoals:2)
  An eye of draining (D:15)
  An ogre (Vaults:5)
  3 bushes
  37 fungi
  126 plants
  A tentacle (Shoals:3)
  39 withered plants (Crypt:3)
216 creatures vanquished.

Grand Total: 2616 creatures vanquished

Notes
Turn   | Place    | Note
-------+----------+-------------------------------------------
     0 | D:1      | inon the Gargoyle Earth Elementalist began the quest for
                  | the Orb.
     0 | D:1      | Reached XP level 1. HP: 10/10 MP: 3/3
   198 | D:1      | Reached skill level 4 in Earth Magic
   198 | D:1      | Reached XP level 2. HP: 12/15 MP: 0/5
  1128 | D:1      | Reached XP level 3. HP: 19/19 MP: 6/6
  1132 | D:1      | Learned a level 3 spell: Stone Arrow
  2255 | D:2      | Reached skill level 1 in Conjurations
  2359 | D:2      | Reached XP level 4. HP: 24/24 MP: 8/8
  2579 | D:2      | Found a hide-covered altar of Uskayaw.
  3065 | D:3      | Noticed Terence
  3069 | D:3      | Killed Terence
  3070 | D:3      | Reached skill level 5 in Earth Magic
  3231 | D:3      | Reached XP level 5. HP: 21/28 MP: 6/10
  3310 | D:3      | Noticed a kobold brigand
  3352 | D:3      | Killed a kobold brigand
  3797 | D:3      | Reached XP level 6. HP: 32/32 MP: 11/11
  3956 | D:3      | Noticed Grinder
  3960 | D:3      | Killed Grinder
  3961 | D:3      | Reached skill level 6 in Earth Magic
  3961 | D:3      | Reached XP level 7. HP: 36/36 MP: 5/13
  4945 | D:4      | Noticed Natasha
  4990 | D:4      | Killed Natasha
  5003 | D:4      | Found a large runed translucent door.
  5004 | D:4      | Found a large runed translucent door.
  5011 | D:4      | Found a large runed translucent door.
  5011 | D:4      | Found a large runed translucent door.
  5032 | D:4      | Reached skill level 7 in Earth Magic
  5267 | D:4      | Reached skill level 5 in Spellcasting
  5468 | D:4      | Noticed Eustachio
  5479 | D:4      | Killed Eustachio
  5480 | D:4      | Reached skill level 5 in Conjurations
  5480 | D:4      | Reached XP level 8. HP: 42/42 MP: 6/15
  5491 | D:4      | Noticed Natasha
  5547 | D:4      | Noticed Edmund
  5589 | D:4      | Killed Edmund
  5590 | D:4      | Reached skill level 1 in Fighting
  5590 | D:4      | Reached skill level 1 in Maces & Flails
  5590 | D:4      | Reached skill level 1 in Armour
  5590 | D:4      | Killed Natasha
  5591 | D:4      | Reached skill level 1 in Evocations
  5904 | D:4      | Noticed Natasha
  5908 | D:4      | Killed Natasha
  5982 | D:4      | Learned a level 5 spell: Lee's Rapid Deconstruction
  6505 | D:4      | Got a transparent platinum ring
  6506 | D:4      | Identified the ring "Dempet" {Wiz rN+ Int+3} (You found it
                  | on level 4 of the Dungeon)
  6720 | D:5      | Entered Level 5 of the Dungeon
  6947 | D:5      | Found a staircase to the Ecumenical Temple.
  6981 | Temple   | Entered the Ecumenical Temple
  6990 | Temple   | Became a worshipper of Vehumet
  7006 | D:5      | Got an ichor-stained leather armour
  7016 | D:5      | Identified the +0 leather armour of Ebaihiv {rN+ Dex+7}
                  | (You found it on level 5 of the Dungeon)
  7519 | D:5      | Reached XP level 9. HP: 49/49 MP: 3/17
  8241 | D:6      | Reached skill level 8 in Earth Magic
  8293 | D:6      | Noticed Menkaure
  8304 | D:6      | Killed Menkaure
  8500 | D:6      | Reached * piety under Vehumet
  8500 | D:6      | Offered knowledge of Magic Dart by Vehumet.
  8566 | D:6      | Noticed Prince Ribbit
  8567 | D:6      | Noticed Maggie
  8573 | D:6      | Killed Maggie
  8583 | D:6      | Killed Prince Ribbit
  9553 | D:7      | Reached XP level 10. HP: 57/57 MP: 19/19
 10710 | D:8      | Reached ** piety under Vehumet
 10710 | D:8      | Offered knowledge of Foxfire by Vehumet.
 10789 | D:8      | Found an opulent altar of Gozag.
 10882 | D:8      | Found a broken altar of Ashenzari.
 11065 | D:8      | Noticed a manticore
 11071 | D:8      | Killed a manticore
 11449 | D:8      | Offered knowledge of Mephitic Cloud by Vehumet.
 11573 | D:8      | Reached skill level 5 in Fighting
 11846 | D:9      | Found a basalt altar of Yredelemnul.
 11873 | D:9      | Reached skill level 9 in Earth Magic
 11932 | D:9      | You fall into a shaft and drop 3 floors!
 12183 | D:12     | Reached skill level 5 in Armour
 12517 | D:10     | Entered Level 10 of the Dungeon
 12517 | D:10     | Noticed Snorg
 12519 | D:10     | Reached XP level 11. HP: 64/64 MP: 10/21
 12523 | D:10     | Killed Snorg
 12523 | D:10     | Reached *** piety under Vehumet
 12722 | D:10     | Found a staircase to the Lair.
 12880 | D:10     | Reached skill level 5 in Maces & Flails
 12989 | D:11     | Found a broken altar of Ashenzari.
 13015 | D:11     | Noticed a cyclops
 13026 | D:11     | Killed a cyclops
 13228 | D:11     | Found an iron altar of Okawaru.
 13484 | D:11     | Noticed a two-headed ogre
 13488 | D:11     | Killed a two-headed ogre
 13594 | D:11     | Noticed a seven-headed hydra
 13782 | D:9      | Noticed Erica
 13793 | D:9      | Killed Erica
 13794 | D:9      | Reached skill level 5 in Evocations
 13795 | D:9      | Offered knowledge of Olgreb's Toxic Radiance by Vehumet.
 13805 | D:9      | Reached skill level 5 in Dodging
 14729 | D:10     | Reached skill level 10 in Earth Magic
 14886 | D:10     | Reached **** piety under Vehumet
 15228 | D:11     | Killed a seven-headed hydra
 15229 | D:11     | Reached XP level 12. HP: 71/71 MP: 10/23
 15475 | D:10     | Offered knowledge of Fulminant Prism by Vehumet.
 16032 | D:11     | Noticed Harold
 16053 | D:11     | Killed Harold
 16104 | D:11     | Found a staircase to the Orcish Mines.
 16850 | D:12     | Noticed a two-headed ogre
 16854 | D:12     | Killed a two-headed ogre
 16926 | D:12     | Noticed a two-headed ogre
 16933 | D:12     | Killed a two-headed ogre
 17480 | D:12     | Noticed a boulder beetle
 17509 | D:12     | Killed a boulder beetle
 17691 | D:12     | Gained mutation: Your muscles are strong. (Str +2) [potion
                  | of mutation]
 17691 | D:12     | Gained mutation: You possess an exceptional clarity of
                  | mind. [potion of mutation]
 17691 | D:12     | Gained mutation: Your flesh is heat resistant. (rF+)
                  | [potion of mutation]
 17691 | D:12     | Gained mutation: You evolve. [potion of mutation]
 18199 | D:13     | Found Lushruxu's Weapon Shoppe.
 18230 | D:13     | Found a frozen archway.
 18346 | IceCv    | Entered an ice cave
 18691 | IceCv    | Reached ***** piety under Vehumet
 18692 | IceCv    | Offered knowledge of Iskenderun's Mystic Blast by Vehumet.
 18786 | IceCv    | Reached skill level 11 in Earth Magic
 18797 | IceCv    | Reached XP level 13. HP: 47/78 MP: 25/25
 19792 | IceCv    | Noticed a frost giant
 19799 | IceCv    | Killed a frost giant
 21213 | D:14     | Reached skill level 10 in Conjurations
 21371 | D:14     | Found a broken altar of Ashenzari.
 21509 | D:14     | Gained mutation: You can translocate small distances at
                  | will. [evolution]
 22047 | D:14     | Found a gate to the Vaults.
 22155 | D:14     | Gained mutation: Your large and strong wings let you fly
                  | indefinitely. [Gargoyle growth]
 22155 | D:14     | Reached XP level 14. HP: 86/86 MP: 16/27
 22336 | D:14     | Offered knowledge of Hailstorm by Vehumet.
 22644 | Lair:1   | Entered Level 1 of the Lair of Beasts
 22969 | Lair:1   | Reached skill level 12 in Earth Magic
 24063 | Lair:2   | You are sucked into a shaft and drop 2 floors!
 24125 | Lair:4   | Found a staircase to the Snake Pit.
 25960 | Lair:3   | Noticed Borooracs's ghost (journeyman DDFi)
 25964 | Lair:3   | Found a runed translucent gate.
 25964 | Lair:3   | Found a runed translucent gate.
 25965 | Lair:3   | Found a runed translucent gate.
 26520 | Lair:4   | Found a staircase to the Shoals.
 27517 | Lair:5   | Found a staircase to the Slime Pits.
 28277 | Lair:5   | Reached skill level 10 in Fighting
 29074 | Lair:5   | You are sucked into a shaft and drop 1 floor!
 29074 | Lair:6   | Entered Level 6 of the Lair of Beasts
 29493 | Lair:6   | Reached XP level 15. HP: 92/92 MP: 15/28
 29581 | Lair:6   | Got a steaming granite ring
 29583 | Lair:6   | Identified the ring of Compassion {rF+ Dex+4} (You found it
                  | on level 6 of the Lair of Beasts)
 29698 | Lair:6   | Offered knowledge of Bolt of Magma by Vehumet.
 29699 | Lair:6   | Reached skill level 10 in Spellcasting
 29719 | Lair:5   | Learned a level 5 spell: Bolt of Magma
 29903 | Lair:6   | Reached skill level 1 in Fire Magic
 30908 | Lair:6   | Reached skill level 13 in Earth Magic
 31860 | Orc:1    | Entered Level 1 of the Orcish Mines
 31899 | Orc:1    | Found Isaggual's Distillery.
 31906 | Orc:1    | Offered knowledge of Iron Shot by Vehumet.
 31917 | Orc:1    | Learned a level 6 spell: Iron Shot
 31927 | Orc:1    | Bought a potion of curing for 45 gold pieces
 31927 | Orc:1    | Bought a potion of invisibility for 120 gold pieces
 31927 | Orc:1    | Bought 2 potions of magic for 240 gold pieces
 31927 | Orc:1    | Bought a potion of might for 60 gold pieces
 31927 | Orc:1    | Bought a potion of mutation for 120 gold pieces
 31927 | Orc:1    | Bought 2 potions of heal wounds for 150 gold pieces
 31927 | Orc:1    | Bought a potion of curing for 45 gold pieces
 31927 | Orc:1    | Bought a potion of curing for 45 gold pieces
 32486 | Orc:2    | Entered Level 2 of the Orcish Mines
 32486 | Orc:2    | Found a staircase to the Elven Halls.
 32543 | Orc:2    | Found a roughly hewn altar of Beogh.
 32601 | Orc:2    | Found Emiafom's Armour Shop.
 32723 | Orc:2    | Found Duefraume's Antique Armour Boutique.
 33462 | Orc:2    | Found Yprileet's Armour Emporium.
 33471 | Orc:2    | Found Ijorchug's Weapon Emporium.
 33473 | Orc:2    | Found Udamix Keum's Magic Scroll Shoppe.
 33476 | Orc:2    | Bought a pair of pitted boots for 209 gold pieces
 33504 | Orc:2    | Identified the +0 pair of boots of Compression {rC+++ rCorr
                  | Dex-5 Stlth-} (You bought it in a shop on level 2 of the
                  | Orcish Mines)
 33664 | Orc:2    | Bought a scroll of brand weapon for 260 gold pieces
 33664 | Orc:2    | Bought 2 scrolls of identify for 52 gold pieces
 33666 | Orc:2    | Bought a scroll of enchant weapon for 97 gold pieces
 33667 | Orc:2    | Bought a scroll of brand weapon for 260 gold pieces
 33730 | Orc:2    | Bought a scroll of identify for 26 gold pieces
 33730 | Orc:2    | Bought a scroll of enchant armour for 97 gold pieces
 33730 | Orc:2    | Bought a scroll of teleportation for 39 gold pieces
 33730 | Orc:2    | Bought a scroll of teleportation for 39 gold pieces
 33975 | Orc:2    | Lost mutation: You evolve. [evolution]
 34125 | D:15     | Entered Level 15 of the Dungeon
 34158 | D:15     | Reached skill level 5 in Fire Magic
 34158 | D:15     | Reached XP level 16. HP: 60/99 MP: 7/30
 34447 | D:15     | Offered knowledge of Eringya's Noxious Bog by Vehumet.
 34450 | D:15     | Reached skill level 10 in Maces & Flails
 35024 | D:15     | Found a glowing silver altar of Zin.
 35621 | D:15     | Found a glowing silver altar of Zin.
 35667 | D:15     | Found a bloodstained altar of Trog.
 35957 | D:15     | Found a staircase to the Depths.
 36132 | Snake:1  | Entered Level 1 of the Snake Pit
 36505 | Snake:1  | Noticed Aizul
 36517 | Snake:1  | Killed Aizul
 37692 | Snake:2  | Found Quj Xoysaw's Weapon Shoppe.
 37692 | Snake:2  | Found Hifrish's Antique Weapon Emporium.
 37695 | Snake:2  | Found Eselapu's Antique Weapon Shoppe.
 37697 | Snake:2  | Noticed a nagaraja
 37716 | Snake:2  | Killed a nagaraja
 38037 | Snake:2  | Found an opulent altar of Gozag.
 38279 | Snake:2  | Offered knowledge of Lightning Bolt by Vehumet.
 38280 | Snake:2  | Noticed Nikola
 38290 | Snake:2  | Killed Nikola
 38291 | Snake:2  | Reached skill level 10 in Dodging
 38304 | Snake:2  | Reached XP level 17. HP: 44/105 MP: 8/32
 38658 | Snake:2  | Reached skill level 14 in Earth Magic
 39005 | Snake:3  | Got an encrusted mace
 39011 | Snake:2  | Identified the +4 mace of Foul Odors {freeze, rN+ Str+4
                  | Int+2} (You found it on level 3 of the Snake Pit)
 39354 | Snake:3  | Reached skill level 10 in Evocations
 39451 | Snake:3  | Noticed Asterion
 39460 | Snake:3  | Killed Asterion
 39969 | Snake:3  | Offered knowledge of Spellforged Servitor by Vehumet.
 40776 | Snake:3  | Got a pair of steaming boots
 40786 | Snake:3  | Identified the +1 pair of boots of the Tanner {+Blink +Fly
                  | rF- rCorr} (You found it on level 3 of the Snake Pit)
 40959 | Shoals:1 | Entered Level 1 of the Shoals
 41008 | Shoals:1 | Noticed Donald
 41012 | Shoals:1 | Killed Donald
 41734 | Shoals:1 | Found Nehubuumm's Armour Boutique.
 43679 | Shoals:2 | Reached XP level 18. HP: 19/112 MP: 21/33
 44758 | Shoals:2 | Noticed a titan
 44823 | Shoals:2 | Killed a titan
 46177 | Shoals:3 | Reached ****** piety under Vehumet
 46224 | Shoals:3 | Reached skill level 10 in Fire Magic
 46475 | Shoals:4 | Entered Level 4 of the Shoals
 46499 | Shoals:4 | Found Woorgh's Antique Armour Shoppe.
 46943 | Shoals:4 | Found Cecumemian's Book Shoppe.
 47180 | Elf:1    | Entered Level 1 of the Elven Halls
 48196 | Elf:1    | Offered knowledge of Fire Storm by Vehumet.
 48196 | Elf:1    | Offered knowledge of Shatter by Vehumet.
 48196 | Elf:1    | Offered knowledge of Ignition by Vehumet.
 48220 | Elf:1    | Reached skill level 15 in Earth Magic
 48282 | Elf:1    | Learned a level 8 spell: Ignition
 49403 | Elf:1    | Noticed Kirke
 49406 | Elf:1    | Killed Kirke
 49899 | Elf:1    | Reached XP level 19. HP: 118/118 MP: 1/34
 50095 | Elf:1    | Upgraded the game from 0.27-a0-396-g03f4e8edb7 to
                  | 0.27-a0-404-g4390dbc5be
 50559 | Elf:2    | Found Xuijiva's Book Shop.
 50807 | Elf:2    | Found a huge runed translucent gate.
 50807 | Elf:2    | Found a huge runed translucent gate.
 50858 | Elf:2    | Found a huge runed translucent gate.
 50858 | Elf:2    | Found a huge runed translucent gate.
 50858 | Elf:2    | Found a huge runed translucent gate.
 51520 | Elf:3    | Entered Level 3 of the Elven Halls
 51535 | Elf:3    | Found Riavecuja's Magic Scroll Shop.
 51547 | Elf:3    | Bought a scroll of acquirement for 676 gold pieces
 51555 | Elf:3    | Acquired 1102 gold pieces
 51566 | Elf:3    | Bought a scroll of identify for 26 gold pieces
 51566 | Elf:3    | Bought a scroll of identify for 26 gold pieces
 51566 | Elf:3    | Bought a scroll of identify for 26 gold pieces
 51566 | Elf:3    | Bought a scroll of identify for 26 gold pieces
 51566 | Elf:3    | Bought a scroll of enchant armour for 97 gold pieces
 51566 | Elf:3    | Bought a scroll of identify for 26 gold pieces
 51591 | Elf:3    | Found Ujabb's Assorted Antiques.
 51597 | Elf:3    | Bought a potion of brilliance for 160 gold pieces
 51597 | Elf:3    | Bought a potion of invisibility for 320 gold pieces
 52164 | Elf:3    | Found Fukk's Antique Armour Shop.
 52418 | Elf:3    | Found Azotufoock's Magic Scroll Shoppe.
 52428 | Elf:3    | Bought a scroll of enchant weapon for 135 gold pieces
 52428 | Elf:3    | Bought a scroll of enchant weapon for 135 gold pieces
 52430 | Elf:3    | Bought a scroll of identify for 36 gold pieces
 52430 | Elf:3    | Bought a scroll of identify for 36 gold pieces
 52430 | Elf:3    | Bought a scroll of magic mapping for 63 gold pieces
 52430 | Elf:3    | Bought a scroll of identify for 36 gold pieces
 52430 | Elf:3    | Bought a scroll of identify for 36 gold pieces
 53209 | Elf:3    | Reached skill level 15 in Fire Magic
 53360 | Elf:3    | Identified the +8 rapier of the Invisible Mystics {vorpal,
                  | Fragile Dex+8 Stlth+}
 53578 | Elf:3    | Identified the +6 great sword "Ultimatum" {vorpal, *Slow
                  | Dex+4}
 53717 | Elf:3    | Identified the +0 glaive of Guilt {vorpal, *Noise rElec
                  | Will+ MP+9}
 53719 | Elf:3    | Found the +2 ratskin cloak {*Rats rPois rN+ Str-1 Int-1
                  | Dex+1}
 53981 | Elf:1    | Reached XP level 20. HP: 121/124 MP: 35/35
 54188 | Snake:4  | Entered Level 4 of the Snake Pit
 55132 | Snake:4  | Found Kehal's General Store.
 55141 | Snake:4  | Bought a scroll of identify for 36 gold pieces
 55141 | Snake:4  | Bought a potion of invisibility for 144 gold pieces
 55141 | Snake:4  | Bought a potion of mutation for 144 gold pieces
 56635 | Snake:4  | Reached skill level 16 in Earth Magic
 56682 | Snake:4  | Got a serpentine rune of Zot
 57301 | Shoals:4 | Noticed Roxanne
 57305 | Shoals:4 | Killed Roxanne
 57781 | Shoals:4 | Reached XP level 21. HP: 127/130 MP: 13/37
 57789 | Shoals:4 | Identified Feunur's Papyrus of the Damaging Traveller
 58032 | Shoals:4 | Got a barnacled rune of Zot
 58255 | Shoals:4 | Bought a bloodstained leather armour for 259 gold pieces
 58258 | Shoals:4 | Identified the +2 leather armour "Ileasmoro" {rPois rC+
                  | Slay+3} (You bought it in a shop on level 4 of the Shoals)
 58815 | Depths:1 | Entered Level 1 of the Depths
 58953 | Vaults:1 | Entered Level 1 of the Vaults
 59158 | Vaults:1 | Paralysed by an orc sorcerer for 3 turns
 60797 | Vaults:2 | Reached skill level 17 in Earth Magic
 62413 | Vaults:2 | Cast into level 2 of the Abyss (a deep elf demonologist)
 62733 | Abyss:2  | Found a transporter.
 62738 | Abyss:2  | Found a corrupted altar of Lugonu.
 62748 | Abyss:2  | Found a transporter.
 62753 | Abyss:2  | Reached XP level 22. HP: 65/137 MP: 37/39
 62761 | Vaults:2 | Escaped the Abyss
 63808 | Vaults:3 | Reached skill level 15 in Conjurations
 63815 | Vaults:3 | Reached skill level 18 in Earth Magic
 64336 | Vaults:3 | Found a staircase to the Crypt.
 64648 | Vaults:3 | Acquired 881 gold pieces
 66704 | Vaults:4 | Reached XP level 23. HP: 141/143 MP: 25/40
 67345 | Vaults:4 | Learned a level 9 spell: Shatter
 67620 | Vaults:4 | Reached skill level 19 in Earth Magic
 67922 | Vaults:5 | Entered Level 5 of the Vaults
 67924 | Vaults:5 | Reached skill level 15 in Fighting
 68423 | Vaults:5 | Noticed a dread lich
 68425 | Vaults:5 | Paralysed by a dread lich for 6 turns
 68427 | Vaults:5 | Noticed an ancient lich
 68431 | Vaults:5 | Killed a dread lich
 68432 | Vaults:5 | Reached XP level 24. HP: 87/151 MP: 37/41
 68442 | Vaults:4 | Killed an ancient lich
 68443 | Vaults:4 | Reached skill level 20 in Earth Magic
 69859 | Vaults:5 | Identified the +9 scimitar of Sunlight {pain, Str+4}
 69869 | Vaults:5 | Got a silver rune of Zot
 70699 | Crypt:1  | Entered Level 1 of the Crypt
 70827 | Crypt:1  | Reached XP level 25. HP: 157/157 MP: 23/41
 71431 | Crypt:1  | Reached skill level 15 in Dodging
 71445 | Crypt:1  | Reached skill level 21 in Earth Magic
 72074 | Crypt:2  | Reached skill level 15 in Maces & Flails
 73565 | Crypt:3  | Entered Level 3 of the Crypt
 73949 | Crypt:3  | Identified Ogidwokh's Incunabulum of Stolen Souls
 74277 | Crypt:3  | Reached skill level 15 in Spellcasting
 74415 | Crypt:3  | Found a staircase to the Tomb.
 75109 | Crypt:3  | Found an ancient bone altar of Kikubaaqudgha.
 75111 | Crypt:3  | Noticed a dread lich
 75115 | Crypt:3  | Killed a dread lich
 75119 | Crypt:3  | Noticed a dread lich
 75122 | Crypt:3  | Killed a dread lich
 75123 | Crypt:3  | Reached skill level 22 in Earth Magic
 75123 | Crypt:3  | Reached XP level 26. HP: 165/165 MP: 29/42
 75539 | Depths:1 | Noticed the Enchantress
 75542 | Depths:1 | Killed the Enchantress
 75834 | Depths:1 | Found a one-way gate to the infinite horrors of the Abyss.
 76671 | Depths:1 | Found a gateway to Hell.
 77834 | Depths:2 | Found a runed translucent door.
 77836 | Depths:2 | Found a runed translucent door.
 77836 | Depths:2 | Found a runed translucent door.
 78493 | Depths:2 | You are sucked into a shaft and drop 2 floors!
 78496 | Depths:4 | Reached XP level 27. HP: 173/173 MP: 38/43
 78763 | Depths:2 | Found a runed translucent door.
 78763 | Depths:2 | Found a runed translucent door.
 79331 | Depths:2 | Found a runed translucent door.
 79630 | Depths:2 | Identified the +5 rapier of Vavveoxa {freeze, Will+}
 80873 | Depths:3 | Found a gateway to a ziggurat.
 80895 | Depths:3 | Paralysed by a floating eye for 4 turns
 80896 | Depths:3 | Noticed a juggernaut
 80903 | Depths:3 | Killed a juggernaut
 80920 | Depths:3 | Killed from afar by a frost giant

Illustrated notes

Levels and vault maps discovered:
D:1:      amcnicky_arrival_abandoned_market, layout_basic
D:2:      layout_loops_corners, lemuel_statue_altar
D:3:      cheibrodos_thug_alley, layout_loops_corners, grunt_ministairs_7,
          bh_walls_and_bars, uniq_terence, uniq_grinder
D:4:      layout_gridville, minmay_hollow_rounded_squares, uniq_edmund,
          uniq_natasha, uniq_eustachio
D:5:      layout_gridville, minmay_temple_entry_drinking_statues
D:6:      layout_rooms, uniq_maggie, uniq_prince_ribbit1, uniq_menkaure
D:7:      corexii_shack_village, layout_cave_pods
D:8:      layout_gridville, overflow_temple_1_default, grunt_gozag_breadcrumbs
D:9:      layout_loops_ring, basic_altar, minmay_quadrilaterals, uniq_erica
D:10:     layout_loops_cross, erik_lair_island, uniq_snorg
D:11:     layout_small_grid, zombieorc2_lemuel, basic_altar, okawaru_humans,
          uniq_harold
D:12:     layout_roguey, drop_trap, minmay_fractal_squares_diagonal_5
D:13:     layout_gridville, portal_ice_cave_demonic_guard, serial_shops,
          nicolae_shop_behind_doors, small_statue_intersection,
          nrook_mini_vaults, minmay_misc_feat_doors
D:14:     layout_rooms, david_vaults_2, evilmike_ruin_ashenzari,
          grunt_ministairs_3, drop_trap
D:15:     gammafunk_enter_depths_forms, layout_cross, basic_altar, zin_angel,
          trog_wizard
Temple:   nicolae_temple_the_god_donut
Lair:1:   layout_chaotic_city, lemuel_fruit_tree, minmay_lair_oklob_chamber,
          infiniplex_staircase_pool
Lair:2:   layout_regular_city, wad_woods_02, infiniplex_staircase_pool_2
Lair:3:   layout_chaotic_city, gammafunk_ghost_split, minivault_26,
          disabler_island, serial_bayou_shore_a
Lair:4:   layout_gridlike, elwin_shoals_entry_stream,
          minmay_snake_entry_guardpost_medium
Lair:5:   layout_gridlike, minmay_slime_entry_eyes, worms_lemuel
Lair:6:   minmay_lair_end_enchanted_forest, layout_regular_city
Shoals:1: layout_shoals, serial_shops, shop, abandoned_shop, uniq_donald
Shoals:2: cheibrodos_shoals_gigantism, layout_shoals,
          nicolae_shoals_flooded_hall
Shoals:3: layout_shoals
Shoals:4: shoals_end_grunt_ice, layout_shoals, serial_shops, shop, shop,
          uniq_roxanne
Snake:1:  layout_gridlike, uniq_aizul
Snake:2:  layout_onion_interference, basic_altar, st_stairs_2,
          nrook_guardian_serpent_ordinary, minmay_shop_star, uniq_nikola
Snake:3:  layout_rooms, grunt_megastairs_5, uniq_asterion
Snake:4:  snake_pit_salamanders_mu, layout_misc_corridors, serial_shops, shop
Orc:1:    layout_caves, serial_shops, shop, nicolae_orc_crystal_geode
Orc:2:    st_orc_open, layout_caves, basic_altar, serial_shops,
          nicolae_shop_waterfront
Elf:1:    minmay_elf_arrival_summoners, layout_loops_corners,
          hangedman_elven_crosses_minicolossus, nicolae_elf_big_sculpture_3,
          evilmike_ambush [evilmike_ambush_outer_basic,
          evilmike_ambush_inner_cross], uniq_kirke
Elf:2:    layout_loops_corners, serial_shops, shop, grunt_ministairs_2,
          roderic_three_in_a_row, st_stairs_12, hangedman_elf_represent
Elf:3:    elf_hall, layout_onion_city, serial_shops, nicolae_shop_stone,
          nicolae_shop_waterfront, shop, nicolae_shop_window_shopping
Vaults:1: nicolae_vaults_border_crossing, v_alt_pattern_4, v_misc_19,
          nicolae_vaults_little_squares_6, vaults_room_large_hall,
          vaults_dpeg_diagonal, nicolae_vaults_little_squares_5,
          dpeg_vaults_monster_box, v_alt_pattern_1,
          nicolae_vaults_little_squares_1, hangedman_vaults_capsules,
          nicolae_vaults_little_squares_4, vaults_dpeg_hooks,
          layout_vaults_big_room
Vaults:2: v_misc_13, v_misc_3, ontoclasm_vaults_loading_screen,
          vaults_room_grunt_arrival_checkpoint, vaults_room_fours,
          nicolae_vaults_gold_heap, nicolae_vaults_little_ls,
          layout_vaults_quadrants
Vaults:3: minmay_crypt_entry_simple_box, v_misc_11, v_rooms_1,
          hangedman_vaults_nodes, ontoclasm_vaults_shuriken, v_misc_17,
          hangedman_vaults_stitches, vaults_room_grid, vaults_standard_mumra_x,
          grunt_vaults_hallway_long, vaults_dpeg_encased_lava,
          layout_vaults_ring
Vaults:4: nicolae_vaults_circle_grid_a, vaults_room_fours,
          nicolae_vaults_display_case, vaults_dpeg_doors,
          vaults_room_stairs_pillars, nicolae_vaults_windows_and_doors_thing,
          v_misc_2, hangedman_vaults_restitches, ontoclasm_vaults_idyll,
          vaults_dpeg_spiral, nicolae_vaults_little_squares_5,
          ontoclasm_vaults_bender, ontoclasm_vaults_chip, v_misc_27,
          layout_vaults_big_cross
Vaults:5
Crypt:1:  layout_catacombs
Crypt:2:  layout_chaotic_city
Crypt:3:  quadcrypt_mu
Depths:1: layout_cave_pools, grunt_hell_entry_dis_old, abyss_entry,
          grunt_decor_clamped, hangedman_stitches_earthworm, uniq_enchantress
Depths:2: minmay_the_grid_ultimate [minmay_the_grid_prize_shrinking_boxes,
          minmay_the_grid_prize_trominoes, minmay_the_grid_prize_inner_circle,
          minmay_the_grid_prize_diamond_cup, minmay_the_grid_square_5x5_n,
          minmay_the_grid_square_5x5_detours, minmay_the_grid_square_5x5_three,
          minmay_the_grid_square_5x5_almost_minimal,
          minmay_the_grid_square_5x5_forky, minmay_the_grid_square_5x5_shuriken,
          minmay_the_grid_square_5x5_fancy_junction,
          minmay_the_grid_square_5x5_half_checkered,
          minmay_the_grid_square_5x5_bracketed,
          minmay_the_grid_square_5x5_broken_cross,
          minmay_the_grid_square_5x5_empty,
          minmay_the_grid_square_5x5_hourglass,
          minmay_the_grid_square_5x5_dogpile,
          minmay_the_grid_square_5x5_beaten_path,
          minmay_the_grid_square_5x5_gyroscope,
          minmay_the_grid_triangle_9x9_negative_grid,
          minmay_the_grid_triangle_9x9_fully_insulated_deathbox,
          minmay_the_grid_triangle_9x9_pentomino_pain,
          minmay_the_grid_triangle_9x9_swiss_cheese,
          minmay_the_grid_triangle_9x9_wacky_v,
          minmay_the_grid_triangle_9x9_descending_squares,
          minmay_the_grid_triangle_9x9_intruding_spiral,
          minmay_the_grid_triangle_9x9_stretched_checkered,
          minmay_the_grid_triangle_9x9_zippers_vertical,
          minmay_the_grid_triangle_9x9_cache,
          minmay_the_grid_triangle_9x9_subtriangle,
          minmay_the_grid_triangle_9x9_sparse_checkered,
          minmay_the_grid_triangle_9x9_windchime,
          minmay_the_grid_triangle_9x9_limited_checkers,
          minmay_the_grid_triangle_9x9_tough_junction,
          minmay_the_grid_triangle_9x9_checkered,
          minmay_the_grid_square_5x5_comb, minmay_the_grid_octo_teeth,
          minmay_the_grid_octo_focus, minmay_the_grid_octo_toaster,
          minmay_the_grid_octo_empty, minmay_the_grid_octo_clover_2,
          minmay_the_grid_octo_clover, minmay_the_grid_octo_chip,
          minmay_the_grid_octo_odd_swirl, minmay_the_grid_diamond_grid,
          minmay_the_grid_mess, minmay_the_grid_pillar_ring,
          minmay_the_grid_fan], hell_entry
Depths:3: minmay_mutant_horseshoe, layout_small_grid, enter_ziggurat_d,
          pan_entry, serial_shops, shop, minmay_hedge_maze, grunt_hell_horde,
          kennysheep_generic_room_13
Depths:4: minmay_tri_stars, layout_cave_pools, marbit_kobold_abyss_entry,
          serial_shops, nicolae_shop_waterfront, pf_coc_iceberg,
          hangedman_abyss_or_decor_clamps, grunt_ministairs_8, drop_trap

Skill      XL: |  1  2  3  4  5  6  7  8  9 10 11 12 13 14 15 16 17 18 19 20 21 22 23 24 25 26 27 |
---------------+----------------------------------------------------------------------------------+-----
Earth Magic    | 4 5 6 7 8 9 10 11 12 13 14 15 16 17 18 19 20 22 | 22.0
Conjurations   | 1 2 4 5 6 7 8 9 10 11 12 13 14 15 16 17 18 19 | 19.3
Spellcasting   | 3 4 5 6 7 8 9 10 11 12 13 14 15 16 | 16.8
Fighting       | 2 4 5 6 8 9 10 11 12 13 14 15 16 17 18 | 18.9
Maces & Flails | 2 3 4 5 7 8 9 10 11 12 13 14 15 16 | 16.0
Armour         | 2 3 5 6 |  6.0
Evocations     | 1 3 4 5 6 7 8 9 10 | 10.0
Dodging        | 2 3 4 5 6 7 9 10 11 12 13 14 15 | 15.0
Fire Magic     | 5 7 9 12 16 17 18 19 20 | 20.4
Stealth        | |  2.1
Transmutations | |  0.7

Action                   |  1- 3 |  4- 6 |  7- 9 | 10-12 | 13-15 | 16-18 | 19-21 | 22-24 | 25-27 || total
-------------------------+-------+-------+-------+-------+-------+-------+-------+-------+-------++-------
Melee: Club              |    38 |       |       |       |       |       |       |       |       ||    38
       Short sword       |    80 |       |       |       |       |       |       |       |       ||    80
       Glaive            |    33 |    83 |       |       |       |       |       |       |       ||   116
       Dagger            |       |    45 |   285 |    88 |       |       |       |       |       ||   418
       Dire flail        |       |       |       |   564 |   776 |   548 |       |       |       ||  1888
       Demon whip        |       |       |       |       |       |   375 |   481 |   356 |   593 ||  1805
 Cast: Sandblast         |    21 |    13 |    60 |    77 |    87 |    51 |     9 |       |       ||   318
       Stone Arrow       |       |     2 |    14 |    76 |    88 |       |       |       |       ||   180
       Lee's Rapid Decon |       |       |    10 |    15 |    90 |    90 |    25 |    14 |    50 ||   294
       Bolt of Magma     |       |       |       |       |    56 |    69 |    16 |     2 |       ||   143
       Iron Shot         |       |       |       |       |       |   138 |   198 |    71 |   111 ||   518
       Ignition          |       |       |       |       |       |       |    83 |    50 |    32 ||   165
       Shatter           |       |       |       |       |       |       |       |    54 |   118 ||   172
 Abil: Fly               |       |       |       |       |     1 |     1 |       |       |     1 ||     3
       Stop Flying       |       |       |       |       |       |     1 |       |     1 |       ||     2
Evoke: Wand              |       |       |     1 |     3 |    17 |    15 |     5 |       |       ||    41
       Condenser vane    |       |       |       |     1 |     3 |     4 |     3 |       |     3 ||    14
       Tin of tremorston |       |       |       |       |     4 |     9 |     2 |       |       ||    15
  Use: Scroll            |       |     5 |    10 |    12 |    18 |     8 |    12 |     4 |     2 ||    71
       Potion            |       |       |     1 |     6 |     3 |     5 |    12 |       |       ||    27
 Stab: Sleeping          |     4 |       |     5 |     6 |     8 |     3 |     4 |     1 |       ||    31
       Paralysed         |       |       |     3 |     7 |     2 |    23 |    12 |       |       ||    47
       Distracted        |       |       |       |     1 |     4 |       |       |     1 |       ||     6
       Invisible         |       |       |       |       |       |     2 |       |       |       ||     2
Armor: Robe              |    67 |    64 |    83 |       |       |       |   204 |   199 |   135 ||   752
       Leather armour    |       |       |    71 |   350 |   487 |   408 |       |       |       ||  1316
       Acid dragon scale |       |       |       |       |       |       |       |       |   224 ||   224
Dodge: Dodged            |   141 |   109 |   210 |   566 |   820 |   859 |   292 |   274 |   340 ||  3611

Table legend: (Time is in decaauts)
 A = Elapsed time spent in this place.
 B = Non-inter-level travel time spent in this place.
 C = Inter-level travel time spent in this place.
 D = Time resting spent in this place.
 E = Time spent auto-exploring this place.
 F = Levels seen in this place.
 G = Mean time per level.
                   A        B        C        D        E       F      G
               +--------+--------+--------+--------+--------+-----+--------+
         Total |  80057 |  76139 |   3918 |  18787 |  43300 |  49 | 1633.8 |
       Dungeon |  23873 |  22643 |   1230 |   4983 |  13467 |  15 | 1591.5 |
        Temple |     15 |      9 |      6 |      0 |      0 |   1 |   15.0 |
          Lair |   9280 |   8641 |    639 |    712 |   6504 |   6 | 1546.7 |
        Shoals |   7647 |   7246 |    401 |   2429 |   3469 |   4 | 1911.8 |
     Snake Pit |   7437 |   7118 |    319 |   2521 |   3330 |   4 | 1859.2 |
  Orcish Mines |   2789 |   2628 |    161 |    977 |   1172 |   2 | 1394.5 |
   Elven Halls |   6106 |   5783 |    323 |   1309 |   3201 |   3 | 2035.3 |
        Vaults |  11218 |  10580 |    638 |   3050 |   5951 |   5 | 2243.6 |
         Crypt |   4492 |   4375 |    117 |    926 |   2333 |   3 | 1497.3 |
        Depths |   5082 |   5002 |     80 |    716 |   3442 |   4 | 1270.5 |
         Abyss |    333 |    333 |      0 |     88 |     85 |   1 |  333.0 |
      Ice Cave |   1779 |   1779 |      0 |   1074 |    345 |   1 | 1779.0 |
               +--------+--------+--------+--------+--------+-----+--------+

Top non-repeatable levels by time:
Vaults:4: 3939 daAuts
Depths:2: 3403 daAuts
Shoals:2: 2504 daAuts
   Elf:1: 2483 daAuts
    D:11: 2371 daAuts
   Elf:3: 2370 daAuts
 Snake:4: 2332 daAuts
  Lair:6: 2219 daAuts
Vaults:2: 2088 daAuts
Vaults:1: 2077 daAuts
   Orc:2: 2074 daAuts
     D:4: 2058 daAuts
Vaults:3: 1992 daAuts
  Lair:5: 1992 daAuts
    D:15: 1977 daAuts
